[Event "FIDE WSTC Open 50 2025"]
[Site "Prague"]
[Date "2025.02.25"]
[Round "8.5"]
[White "Kazhgaleyev, Murtas"]
[Black "Ftacnik, Lubomir"]
[Result "1-0"]
[Annotator "TA"]
[ECO "B23"]
[WhiteElo "2495"]
[BlackElo "2438"]
[PlyCount "101"]
[EventDate "2025.02.17"]
[EventType "team-tourn"]
[EventCountry "CZE"]
[SourceTitle "playchess.com"]
[Source "ChessBase"]
[SourceQuality "1"]
[TimeControl "40/5400+30:1800+30"]

1. e4 c5 2. Nc3 a6 3. Nge2 d6 4. g3 Nc6 5. Bg2 g6 6. d4 {[%emt 0:03:45] B23: Closed Sicilian: Lines without g3.} cxd4 7. Nxd4 Bg7 8. Nxc6 {[%emt 0:01:25] White is slightly better.} bxc6 9. O-O Rb8 10. Qe2 e6 $146 (10... Qc7 $11) ({Predecessor:} 10... a5 11. Rd1 Qc7 12. h3 Nf6 13. b3 O-O 14. Rb1 Nd7 15. Na4 c5 16. Bg5 Re8 {1-0 Nuri,M (2206)-Narayanan,S (2483) Wch U20 52nd 2013 (1)}) 11. Qd3 Ne7 12. b3 O-O 13. Ba3 Qa5 (13... c5 $11 {keeps the balance.}) 14. Qxd6 Rb7 {[%emt 0:00:15] [#]} 15. Na4 Bxa1 16. Rxa1 Rd8 17. Qf4 {[%emt 0:04:40][%mdl 1024] White has strong compensation. White is more active.} Qd2 18. Qh4 (18. Qf6 $18 Qd4 19. Qxd4 (19. Bxe7 Rxe7 20. Qxd4 Rxd4 $15) 19... Rxd4 20. Bc5) 18... g5 $16 19. Qh6 {[%emt 0:03:54] [#]} Ng6 20. Rf1 ({White should play} 20. Nc5 $16) 20... f6 $11 21. e5 $36 {[%emt 0:01:29][%mdl 2048] White has good play.} fxe5 {[%emt 0:02:35] Black cannot hold the game after this.} (21... g4 $11 {and Black is okay.} 22. Qxd2 Rxd2) 22. Nc5 $18 (22. Bxc6 Rf7 $11) (22. Bc1 Qxc2 23. Nb2 (23. Qxg5 Rd1 $14) 23... g4 $14) 22... g4 23. Qxd2 Rxd2 24. Nxb7 (24. Bxc6 $6 Rc7 25. Be4 Rd4 $16) 24... Bxb7 25. Be4 Rd7 26. f3 gxf3 (26... c5 $142 27. Bxb7 (27. Bxc5 Bxe4 28. fxe4 Rd2 $16) 27... Rxb7 28. fxg4 (28. Bxc5 Rc7 $18) 28... Rb5) 27. Rxf3 Ne7 28. Rf6 Nd5 29. Rxe6 Nc3 30. Bd3 {[%emt 0:06:37] A strong pair of Bishops.} (30. Rxe5 Nxe4 31. Rxe4 Kf7 $16) (30. Bxc6 Rd1+ 31. Kg2 Rd2+ 32. Kf3 Bxc6+ 33. Rxc6 e4+ 34. Kf4 Rxc2 35. Rxa6 Rxa2 $11) 30... Nb5 31. Re7 (31. Bb2 Nd4 $18) 31... Rxe7 32. Bxe7 {[%emt 0:00:13][%mdl 4096] Endgame KBB-KBN. White is a pawn up.} Kf7 33. Bc5 h5 34. Kf2 Nc3 35. a4 Bc8 36. Ke3 Nd5+ 37. Kd2 Ke6 (37... Nf6 $142 38. a5 Ng4) 38. Bg6 Nf6 39. Bf8 Kd5 40. Be7 Ng4 41. h4 ({Don't play} 41. Bxh5 Nxh2 42. Be2 Ng4 $18) 41... Nh6 42. Bxh5 Nf5 43. Bf7+ Ke4 44. Bf8 Kf3 $2 (44... Nxg3 45. h5 Bf5) 45. h5 Nxg3 46. Bg6 Bf5 47. Bxf5 {[%emt 0:00:00][%cal Oh5h6] and h6! would now be decisive} Nxf5 48. h6 {[%emt 0:00:00] h7 would kill now.} e4 49. h7 {[%emt 0:00:00] White mates.} e3+ 50. Kd3 e2 51. Bb4 {[%emt 0:00:00] Weighted Error Value: White=0.11 (very precise) /Black=0.45  Loses game:     	---       	Black=1      Mistake:       	White=2     	Black=5      Inaccurate:     	White=2     	Black=1      OK:         	White=18    	Black=20     Best:        	White=1     	Black=2} (51. h8=N e1=Q (51... e1=R 52. Nf7 $17) 52. Bc5 Qe4+ 53. Kc3 Ne3 54. Nf7 Qxc2+ 55. Kd4 Qb2+ (55... Qxb3 $2 56. Ng5+ Ke2 57. Ke5 $19) (55... Nf5+ {is a self mate.} 56. Ke5 Qxc5+ 57. Ke6 Qd5+ 58. Kf6 Kf4 59. b4 Qd7 60. b5 Qe7+ 61. Kg6 Qe6+ 62. Kh7 Qxf7+ 63. Kh8 Qg7#) 56. Kd3 Qb1+ (56... Qxb3+ 57. Kd4 Qd5+ 58. Kc3 Nd1+ 59. Kc2 Ke2 60. Ba3 Qd3+ 61. Kc1 Qxa3+ 62. Kc2 Qb2#) 57. Kd4 Qa1+ (57... Qxb3 $2 58. Ng5+ Ke2 59. Ke5 $19) (57... Ke2 $2 58. Bd6 $19) 58. Kd3 Qd1+ 59. Kc3 Nd5+ 60. Kb2 Qd2+ 61. Kb1 Nc3+ 62. Ka1 Qc1#) 1-0

[Event "FIDE WSTC Open 50 2025"]
[Site "Prague"]
[Date "2025.02.25"]
[Round "8.6"]
[White "Mrva, Martin"]
[Black "Kotsur, Pavel"]
[Result "0-1"]
[Annotator "TA"]
[ECO "C77"]
[WhiteElo "2394"]
[BlackElo "2478"]
[PlyCount "120"]
[EventDate "2025.02.17"]
[EventType "team-tourn"]
[EventCountry "CZE"]
[SourceTitle "playchess.com"]
[Source "ChessBase"]
[SourceQuality "1"]
[TimeControl "40/5400+30:1800+30"]

1. e4 e5 2. Nf3 Nc6 3. Bb5 a6 4. Ba4 Nf6 5. d3 d6 6. c4 g6 7. h3 {[%emt 0:32:29] C77: Ruy Lopez: 3...a6 4 Ba4 Nf6, unusual lines.} Bg7 8. Nc3 O-O 9. Be3 {[%emt 0:00:23] The position is equal.} Bd7 10. Rc1 Nh5 $146 (10... Ne7 11. Bxd7 Nxd7 12. Nd5 c6 13. Nxe7+ Qxe7 14. O-O f5 15. exf5 gxf5 16. Re1 c5 {0-1 Sipos,I (2454)-Indjic,A (2610) HUN-ch Blitz 2024 (10)}) 11. Nd5 f5 (11... Nf4 $11) 12. Bg5 $14 Nf6 13. c5 Kh8 {[%emt 0:03:28] A sharp opening} 14. O-O Rb8 15. Re1 Be8 16. a3 Qc8 17. cxd6 cxd6 18. Bb3 Qd7 19. Be3 (19. Nxf6 $16 Bxf6 20. Bxf6+ Rxf6 21. Bd5) 19... Nh5 20. Nb6 Qd8 {[%emt 0:00:33] [#]} 21. Nd5 h6 (21... Qd7 $1 $11) 22. Bb6 $36 {[%emt 0:01:25][%mdl 2048] White is on the roll.} Qd7 23. d4 (23. exf5 $16 gxf5 24. Nh4) 23... Bf7 (23... fxe4 $14 {deserves consideration.} 24. Rxe4 Bf7) 24. exf5 gxf5 (24... e4 $16 {was called for.}) 25. Nh4 ({White should try} 25. dxe5 $18 {[%cal Oe5e6] e6! is the strong threat.} dxe5 26. Nh4) 25... Rbc8 (25... e4 $16) 26. Rc3 (26. dxe5 $18 Bxe5 27. Kh1) 26... e4 27. Ne3 Be8 28. Qc1 (28. d5 $16 Ne7 29. Rxc8 Qxc8 30. Qd2) 28... Ne7 29. Rxc8 Nxc8 30. Ba5 (30. Ba4 $1 $14 Qxa4 31. Qxc8) 30... Nf4 $11 31. Qc4 (31. Bc2 $11) 31... b6 (31... Ne7 $17 {aiming for ...Bf6.} 32. Qc2 h5 (32... Bxd4 33. Qd2 $15)) 32. Bc3 $15 b5 33. Qf1 Ne7 34. Rc1 (34. f3 $1 $11 {keeps the balance.}) 34... Nd3 $17 35. Rc2 d5 {[%emt 0:00:21] Black is more active.} 36. Bb4 $2 {[%emt 0:00:31][%mdl 8192] [#]} (36. Rd2 $17 {is a better chance.}) 36... Nxb4 $1 $19 (36... Bxd4 37. Bxe7 Qxe7 38. Nhxf5 $16 (38. Nxd5 $2 Qxh4 39. Nb4 Nxf2 $19)) 37. axb4 Bf6 (37... Bxd4 38. g3 $19) 38. g3 f4 (38... Bxd4 39. Qd1 Bxe3 40. fxe3 $17) 39. Ng4 Bxd4 40. Qc1 $2 (40. gxf4 h5 (40... Rxf4 $2 41. Qd1 $19) 41. Ne5) 40... h5 (40... fxg3 41. Qxh6+ Kg8 42. Qg5+ Kh7 43. Qh6+ Kg8 44. Qg5+ Bg7 45. fxg3 $11) 41. Nh2 Qxh3 42. Nf1 e3 {[%emt 0:05:08] ( -> ...fxg3)} 43. fxe3 fxe3 44. Re2 Rf2 45. Qd1 Qg4 ({Inferior is} 45... Bxb2 46. Rxb2 (46. Bxd5 $2 {perishes.} Qg4 $19) (46. Rxe3 Rf8 $17) 46... Qg4 47. Qxg4 (47. Rxf2 exf2+ 48. Kxf2 Qxd1 $14) 47... hxg4 48. Rxf2 exf2+ 49. Kxf2 $16) (45... Kg8 $142 46. Qe1 Bg6 (46... Bxb2 47. Rxe3 Rf8 48. Nf3 $17) 47. Rxf2 Be4 (47... exf2+ $2 48. Qxf2 Bxf2+ 49. Kxf2 $19) 48. Rf8+ Kxf8 49. Qxe3 Bxe3+ 50. Nxe3 Qxg3+ 51. Neg2 Nf5 (51... Qxb3 $2 52. Kf1 $19) 52. Ng6+ Qxg6 53. Kf1 Qxg2+ (53... Bxg2+ 54. Ke1 Qg3+ 55. Kd2 Qe3+ 56. Kd1 Nd4 57. Bxd5 Qe2+ 58. Kc1 Qe1#) 54. Ke1 Bf3 (54... Qxb2 55. Bd1 Ng3 56. Bxh5 Nxh5 57. Kf1 Ng3+ 58. Kg1 Qg2#) (54... Qg1+ 55. Kd2 Qe3+ 56. Kd1 Nd4 57. Ba2 Bf3#) 55. Bd1 Qg1+ 56. Kd2 Qxd1+ 57. Kc3 d4#) 46. Rxf2 exf2+ 47. Kg2 Qxd1 ({Less strong is} 47... Bxb2 48. Qd2 Bg7 (48... Qe4+ $2 49. Nf3 $19) 49. Bc2 $19) 48. Bxd1 Bxb2 49. Ne3 d4 50. Nef5 Nxf5 51. Nxf5 {[%emt 0:00:06][%mdl 4096] Endgame KBB-KBN. Black is 3 pawns up.} Bc3 52. Kxf2 Bxb4 53. Kf3 d3 54. Ke3 d2 55. Kd4 a5 56. Ne3 a4 57. Nd5 Bd6 58. Nc3 Bxg3 59. Ke3 Be5 60. Na2 Bf7 {[%emt 0:00:19] What a bad dream for White.   Weighted Error Value: White=0.67/Black=0.43  Loses game:     	White=1     	---        Mistake:       	White=9     	Black=6      Inaccurate:     	White=5     	Black=5      OK:         	White=11    	Black=15     Best:        	White=2     	Black=3      Strong:       	---       	Black=1} 0-1

[Event "FIDE WSTC Open 50 2025"]
[Site "Prague"]
[Date "2025.02.25"]
[Round "8.7"]
[White "Temirbayev, Serikbay"]
[Black "Stohl, Igor"]
[Result "1/2-1/2"]
[Annotator "TA"]
[ECO "E12"]
[WhiteElo "2372"]
[BlackElo "2409"]
[PlyCount "37"]
[EventDate "2025.02.17"]
[EventType "team-tourn"]
[EventCountry "CZE"]
[SourceTitle "playchess.com"]
[Source "ChessBase"]
[SourceQuality "1"]
[TimeControl "40/5400+30:1800+30"]

1. d4 Nf6 2. c4 e6 3. Nf3 b6 4. a3 Bb7 5. Bf4 d5 6. cxd5 {[%emt 0:01:27] E12: Queen's Indian: Unusual White 4th moves, 4 a3, 4 Nc3 Bb7 5 a3 and 4 Nc3 Bb7 .} Nxd5 {[%emt 0:02:25] 6...Nxd5 is better than 6...exd5.} 7. Bg3 Nd7 8. Qc2 c5 9. e4 N5f6 {[%emt 0:00:16] [#]} 10. d5 $1 exd5 11. exd5 Nh5 (11... Nxd5 $14 12. Bd3 Be7) 12. Nc3 $16 {[%emt 0:04:49] and Bb5 would now be decisive} Be7 13. O-O-O O-O 14. d6 $146 {[%emt 0:00:45] White is much more active.} ({White should try} 14. Bb5 $16) (14. Bb5 g6 15. Bc6 Qc8 16. Rhe1 Re8 17. Qa4 Bxc6 18. dxc6 Ndf6 19. c7 Qb7 20. Be5 {½-½ Lou,Y (2458)-Ma,Z (2469) CHN-chT Qingdao 2024 (4.2)}) 14... Bf6 $11 15. Nd5 Bxd5 16. Rxd5 g6 ({Better is} 16... Nxg3 $11 17. hxg3 g6) 17. Bb5 (17. Rxh5 $1 $14 gxh5 18. Bc4 Bg5+ 19. Kb1) 17... a6 18. Bxd7 Qxd7 (18... Nxg3 $11 19. hxg3 Qxd7) 19. Kb1 {[%emt 0:04:09] Weighted Error Value: White=0.20 (precise) /Black=0.18 (very precise)   Mistake:       	White=3     	Black=3      Inaccurate:     	White=1     	Black=2      OK:         	White=4     	Black=5      Best:        	White=1     	Black=1} (19. Be5 $14) 1/2-1/2

[Event "FIDE WSTC Open 50 2025"]
[Site "Prague"]
[Date "2025.02.25"]
[Round "8.8"]
[White "Motuz, Karol"]
[Black "Tikzhanov, Yerlan"]
[Result "1/2-1/2"]
[Annotator "TA"]
[ECO "E16"]
[WhiteElo "2293"]
[BlackElo "2323"]
[PlyCount "106"]
[EventDate "2025.02.17"]
[EventType "team-tourn"]
[EventCountry "CZE"]
[SourceTitle "playchess.com"]
[Source "ChessBase"]
[SourceQuality "1"]
[TimeControl "40/5400+30:1800+30"]

1. d4 Nf6 2. c4 e6 3. Nf3 Bb4+ 4. Bd2 Qe7 5. e3 Bxd2+ 6. Qxd2 d6 7. Nc3 {[%emt 0:00:14] E11: Bogo-Indian.} e5 8. dxe5 dxe5 9. Be2 c6 10. O-O $146 (10. Rd1 e4 {½-½ Schmidt,G (2174)-Petzold,H (2042) GER-ch Seniors 65+ 30th 2018 (6)}) 10... Bg4 11. Rfd1 Nbd7 12. a3 a5 13. Ng5 Nc5 14. Bxg4 Nxg4 15. Nge4 O-O 16. Qd6 (16. Nxc5 $14 Qxc5 17. Na4) 16... Qxd6 (16... Qh4 $1 $11 17. Qxc5 Qxh2+ 18. Kf1 f5) 17. Rxd6 $14 Ne6 18. h3 (18. Rad1 $16) 18... Nh6 (18... Nf6 $14) 19. g4 Rfd8 20. Rad1 {[%emt 0:00:35] White has strong rooks and is better} Kf8 21. Rd7 $36 {[%emt 0:03:32][%mdl 2048] White has strong initiative. White has more active pieces.} Rab8 (21... f6 $16 22. Rxb7 Rxd1+ 23. Nxd1 Nf7) 22. Nc5 $18 Re8 (22... Ke8 23. Rxd8+ Nxd8) 23. Nxb7 Ng8 24. Ne4 (24. Nxa5 Rxb2 25. Rb1 (25. Nxc6 Nf6 $18) 25... Rxb1+ 26. Nxb1 Rc8 $16) 24... a4 25. R1d2 Nf6 26. Nxf6 gxf6 27. Nd6 Re7 28. Rxe7 Kxe7 {[%emt 0:00:06][%mdl 4096] Endgame KRN-KRN. White is a pawn up.} 29. Ne4 (29. Nf5+ $18 Ke8 30. Kg2) 29... Ng5 $14 30. Nxg5 fxg5 $16 {[%emt 0:00:07] KR-KR. White is a pawn up.} 31. Kf1 h5 32. gxh5 Rh8 33. c5 Rxh5 34. Rd6 Rxh3 35. Rxc6 Rh1+ 36. Ke2 (36. Kg2 $1 $16 Rb1 37. Rb6) 36... e4 37. Rb6 Rc1 38. Rb4 f5 39. Kd2 Rf1 40. Ke2 Rc1 41. Kd2 Rf1 42. Rxa4 Rxf2+ 43. Kc3 g4 44. Ra7+ Ke6 45. b4 Re2 46. Kd4 {[%emt 0:04:17] and b5 would now be decisive} Rd2+ 47. Kc4 Rd7 $2 {[%emt 0:01:47] [#] Against c6} (47... Rc2+ $11 48. Kb3 Re2) 48. Ra6+ $1 $18 (48. Rxd7 $2 Kxd7 49. Kd5 g3 $19) 48... Kf7 {[%emt 0:03:36] ...g3 would now be deadly.} 49. Rh6 (49. c6 Rc7 50. Ra5 Rxc6+ 51. Kd4 Kf6 $17) 49... Rd2 (49... g3 $16 {was called for.}) 50. Rh1 g3 51. c6 g2 {[%emt 0:00:39] [#]} 52. Rg1 Ke6 53. Kc3 $2 ({White should play} 53. Kc5 $18) 53... Re2 $2 {[%emt 0:04:08][%mdl 40960] Weighted Error Value: White=0.24 (precise) /Black=0.22 (precise)  An unexpected result.  Loses game:     	---       	Black=2      Missed win:     	White=1     	---        Mistake:       	White=4     	Black=5      Inaccurate:     	White=4     	Black=6      OK:         	White=17    	Black=14     Best:        	White=2     	Black=9      Strong:       	White=1     	---} (53... Rf2 $11 {and Black is okay.}) 1/2-1/2

[Event "FIDE WSTC Open 50 2025"]
[Site "Prague"]
[Date "2025.02.25"]
[Round "8.9"]
[White "David, Alberto"]
[Black "Hjartarson, Johann"]
[Result "1/2-1/2"]
[Annotator "TA"]
[ECO "B06"]
[WhiteElo "2467"]
[BlackElo "2464"]
[PlyCount "29"]
[EventDate "2025.02.17"]
[EventType "team-tourn"]
[EventCountry "CZE"]
[SourceTitle "playchess.com"]
[Source "ChessBase"]
[SourceQuality "1"]
[TimeControl "40/5400+30:1800+30"]

1. e4 {[%emt 0:00:03] Finkel,Alexander} g6 2. d4 Bg7 3. Nc3 d6 4. Be3 a6 5. Nf3 b5 6. Bd3 Bb7 $1 {[%emt 0:00:34] 6...Bb7 scores better than 6...Nd7.} 7. h4 {[%emt 0:12:05][%cal Bh2h4,Bh4h5][%mdl 32] B06: Modern Defence.} Nd7 8. h5 c5 9. a4 $146 {[%emt 0:14:36] White is slightly better.} ({Predecessor:} 9. h6 Bxd4 10. Nxd4 cxd4 11. Bxd4 Ngf6 12. a3 O-O 13. Qd2 e5 14. Be3 Rc8 15. O-O-O {½-½ Bruzon Batista,L (2584)-Franco Ocampos,Z (2482) Linares Anibal op 08th 2001 (5)}) 9... b4 {[%emt 0:04:46] [#] and ...cxd4 would now be decisive} 10. Ne2 cxd4 11. Nexd4 Ngf6 12. Ng5 $36 {[%emt 0:13:19][%cal Od4e6,Bf3g5,Bg5e6,Be6c7][%mdl 2080] White fights for an advantage.} (12. h6 $5 Bf8 $8 13. Ng5 $14) 12... e5 $2 {[%emt 0:08:44] [#]} (12... O-O $11) 13. Nde6 fxe6 $16 14. Nxe6 Qe7 15. Nc7+ {[%emt 0:01:44] Weighted Error Value: White=0.25 (precise) /Black=0.36  Loses game:     	---       	Black=1      Mistake:       	White=1     	---        OK:         	White=1     	Black=6      Best:        	White=1     	---} 1/2-1/2

[Event "FIDE WSTC Open 50 2025"]
[Site "Prague"]
[Date "2025.02.25"]
[Round "8.10"]
[White "Petursson, Margeir"]
[Black "Godena, Michele"]
[Result "1/2-1/2"]
[Annotator "TA"]
[ECO "D43"]
[WhiteElo "2403"]
[BlackElo "2439"]
[PlyCount "37"]
[EventDate "2025.02.17"]
[EventType "team-tourn"]
[EventCountry "CZE"]
[SourceTitle "playchess.com"]
[Source "ChessBase"]
[SourceQuality "1"]
[TimeControl "40/5400+30:1800+30"]

1. d4 d5 2. c4 c6 3. Nf3 Nf6 4. Nc3 e6 5. g3 Nbd7 6. Bg2 dxc4 7. a4 a5 8. O-O Be7 9. e4 O-O 10. Qe2 {[%emt 0:01:38][%mdl 1024] White has compensation. E07: Closed Catalan: Main Line (5 Nf3 0-0 6 0-0 Nbd7).} b6 {[%emt 0:03:20] 10...b6 scores better than 10...Nb6.} 11. Rd1 ({Reject} 11. Qxc4 Ba6 12. Qa2 (12. Qxc6 $2 Rc8 $19) 12... Bxf1 13. Bxf1 h6 $15) 11... Ba6 12. Bf4 {[%emt 0:02:31] White has an edge.} Re8 13. Nd2 Rc8 14. b3 $146 (14. Nxc4 $11 Nd5 15. exd5 cxd5 16. Qd2 Bxc4 (16... Rxc4 17. Bf1 $11) 17. Nb5) (14. Nxc4 Nd5 15. Bd2 Bf8 16. b3 Nb4 17. Be3 b5 18. Ne5 bxa4 19. Qh5 Nxe5 20. dxe5 {½-½ Adhiban,B (2659)-Dominguez Perez,L (2758) PRO League KO Stage rapid 2020 (2)}) 14... Bb4 $15 15. Rac1 {[%emt 0:09:12] [#]} (15. Na2 $15) 15... Ba3 ({Black should try} 15... c5 $1 $17 16. dxc5 cxb3 17. Qxa6 b2) 16. Rb1 $1 Bb4 (16... b5 $15) 17. Rbc1 $17 {[%emt 0:01:42] [#]} Ba3 (17... c5 $1 $17 18. dxc5 cxb3 19. Qxa6 b2) 18. Rb1 $1 $11 Bb4 (18... b5 $11) 19. Rbc1 {[%emt 0:01:00] Weighted Error Value: White=0.14 (very precise) /Black=0.33  Mistake:       	White=2     	Black=4      OK:         	White=2     	Black=3      Best:        	White=2     	Black=1      Strong:       	White=2     	---} 1/2-1/2

[Event "FIDE WSTC Open 50 2025"]
[Site "Prague"]
[Date "2025.02.25"]
[Round "8.11"]
[White "Bellia, Fabrizio"]
[Black "Olafsson, Helgi"]
[Result "1/2-1/2"]
[Annotator "TA"]
[ECO "B12"]
[WhiteElo "2393"]
[BlackElo "2466"]
[PlyCount "51"]
[EventDate "2025.02.17"]
[EventType "team-tourn"]
[EventCountry "CZE"]
[SourceTitle "playchess.com"]
[Source "ChessBase"]
[SourceQuality "1"]
[TimeControl "40/5400+30:1800+30"]

1. e4 c6 2. d4 d5 3. e5 Bf5 4. h4 h5 5. Bd3 Bxd3 6. Qxd3 {[%emt 0:00:06][%cal Oe5e6] B12: Caro-Kann: Advance Variation.} Qa5+ $1 {[%emt 0:00:07][%mdl 4] outshines the older 6...e6.} 7. Nd2 e6 {[%emt 0:00:44] The position is equal.} 8. Ne2 Qa6 9. c4 Nd7 10. Rh3 $146 ({Predecessor:} 10. O-O Be7 11. b3 Bxh4 12. a4 Be7 13. Nf3 Nh6 14. Ng3 h4 15. Nh5 Nf5 16. Nf4 {1-0 Xu,Y (2510)-Samadov,R (2458) Titled Tuesday intern op 10th Jan Early blitz 2023 (5)}) 10... Ne7 11. cxd5 {[%emt 0:06:28] [#]} Qxd3 12. Rxd3 {[%emt 0:00:06] aiming for dxe6.} Nxd5 13. Ne4 Be7 14. Bg5 f6 15. exf6 gxf6 16. Bd2 O-O-O 17. Rc1 Rhg8 18. g3 Nf8 19. Rb3 Ng6 20. a3 Rge8 21. Kf1 Rd7 22. Rc2 Red8 23. Ba5 Rf8 24. Bd2 Rfd8 25. Ba5 Rf8 26. Bd2 {[%emt 0:00:06] Not much happened in this game.   Weighted Error Value: White=0.03 (flawless) /Black=0.02 (flawless)   OK:         	White=8     	Black=9} 1/2-1/2

[Event "FIDE WSTC Open 50 2025"]
[Site "Prague"]
[Date "2025.02.25"]
[Round "8.12"]
[White "Arnason, Jon L"]
[Black "D'Amore, Carlo"]
[Result "0-1"]
[Annotator "TA"]
[ECO "C64"]
[WhiteElo "2405"]
[BlackElo "2362"]
[PlyCount "76"]
[EventDate "2025.02.17"]
[EventType "team-tourn"]
[EventCountry "CZE"]
[SourceTitle "playchess.com"]
[Source "ChessBase"]
[SourceQuality "1"]
[TimeControl "40/5400+30:1800+30"]

1. e4 e5 2. Nf3 Nc6 3. Bb5 Bc5 4. O-O d6 5. c3 a6 6. Bxc6+ {[%emt 0:07:58] C64: Ruy Lopez: Classical Defence (3...Bc5) except 4 0-0 Nf6.} bxc6 7. d4 exd4 8. Nxd4 (8. cxd4 $14 {should be considered.} Bb6 9. Nc3) 8... Bd7 9. Nd2 $146 (9. Nf5 Qf6 10. Be3 Ne7 11. Bxc5 dxc5 12. Nxe7 Qxe7 13. Na3 O-O 14. Re1 Qg5 15. Qxd7 {1-0 Guenther,R (852)-Newton,D (272) ZN-2020-0-04216}) 9... Ne7 {[%emt 0:21:02] Prevents Nf5.} 10. Nc4 O-O 11. Nb3 Ba7 12. Bg5 f6 13. Be3 Bxe3 14. Nxe3 a5 15. a4 c5 16. Nc4 Nc6 17. Qd5+ Rf7 18. f4 Qe8 19. Qd3 Re7 20. Nbd2 Kh8 21. Rae1 Be6 22. Ne3 Rb8 23. Nec4 f5 24. Ne3 (24. b3 $11) 24... Rxb2 $17 {[%emt 0:05:59][%csl Oa4,Oc3] White has weak pawns} 25. Rb1 $2 {[%emt 0:09:56] [#] This costs White the game.} (25. exf5 $2 Bxf5 26. Qxf5 Rxd2 $19 (26... Rxe3 27. Ne4 $15)) (25. Nd5 $17 Bxd5 26. Qxd5) 25... fxe4 $19 26. Qe2 Ra2 27. f5 Bf7 28. f6 (28. Ra1 {keeps fighting.}) 28... gxf6 29. Rxf6 Re6 (29... Rxa4 $2 30. Rbf1 $19) 30. Rf4 (30. Qf1 $142 Bg8 31. Rxe6 Qxe6 32. Nxe4) 30... Ne5 (30... Rxa4 31. Rbf1 Bg8 32. Nd5 $17) 31. Rbf1 Rg6 (31... Qxa4 $2 32. Rxf7 Nxf7 33. Rxf7 $16) 32. Rxe4 Be6 ({But not} 32... Rxa4 33. Nec4 Bxc4 34. Nxc4 $17) 33. Ref4 Rg8 {[%emt 0:00:20] Repels Rf8} (33... Rxa4 $2 {is the wrong capture.} 34. Rf8+ $18) 34. Qd1 Qg6 {[%emt 0:00:57] [#] And now ...Qd3 would win.} 35. Kh1 $2 (35. Qe2) 35... Qd3 {[%emt 0:01:42][%csl LRc3,LRd2,LRe3] Black is clearly winning.} 36. Ndc4 Qxd1 37. Rxd1 Nxc4 38. Nxc4 Rxa4 {[%emt 0:01:34] Weighted Error Value: White=0.53/Black=0.12 (very precise)   Loses game:     	White=1     	---        Mistake:       	White=5     	---        Inaccurate:     	White=3     	Black=3      OK:         	White=8     	Black=15     Best:        	---       	Black=2} 0-1

[Event "FIDE WSTC Open 50 2025"]
[Site "Prague"]
[Date "2025.02.25"]
[Round "8.13"]
[White "Bischoff, Klaus"]
[Black "Svensson, Bengt"]
[Result "1-0"]
[Annotator "TA"]
[ECO "A11"]
[WhiteElo "2432"]
[BlackElo "2297"]
[PlyCount "69"]
[EventDate "2025.02.17"]
[EventType "team-tourn"]
[EventCountry "CZE"]
[SourceTitle "playchess.com"]
[Source "ChessBase"]
[SourceQuality "1"]
[TimeControl "40/5400+30:1800+30"]

1. c4 c6 2. Nf3 d5 3. e3 Nf6 4. Qc2 e6 5. b3 Nbd7 6. Bb2 Bd6 7. Nc3 O-O 8. Be2 Qe7 {[%emt 0:05:15] A11: English Opening: 1...c6.} 9. O-O b6 10. cxd5 cxd5 {[%emt 0:03:21] White is slightly better.} 11. Nb5 Ba6 12. Rfc1 Rac8 13. Qd1 Bxb5 14. Bxb5 Ba3 15. Bxa3 Qxa3 16. d4 a6 17. Bxd7 Nxd7 18. Rc2 Rxc2 19. Qxc2 h6 $146 ({Predecessor:} 19... g6 20. Rc1 a5 21. h3 b5 22. Qc7 a4 23. bxa4 bxa4 24. Rc2 Qb4 25. g4 Nb6 26. Qc5 Qb1+ 27. Rc1 Qb2 28. Rc2 {½-½ Anastasian,A (2602)-Asrian,K (2646) ARM-ch 66th Yerevan 2006 (1)}) 20. Rc1 b5 21. Qc7 Qb2 (21... Nb6 $11 {keeps the balance.}) 22. Kf1 $16 Nf6 {[%emt 0:02:25] [#]} 23. Rc2 $1 Qa3 24. Ne5 {[%emt 0:00:45] White is more active.} (24. Qb7 $142) 24... Qb4 (24... a5 $16) 25. f3 g6 (25... a5 $142 26. Nc6 Qa3) 26. Ke2 Kg7 (26... h5 {might work better.} 27. Qc5 Qxc5 28. Rxc5 (28. dxc5 Rc8 $18) 28... h4) 27. Nd3 Qa3 28. Qe5 Qe7 29. Nf4 $36 {[%emt 0:02:23][%mdl 2048] Keeping Black busy.} Kg8 {[%emt 0:03:57] [#]} 30. Qc7 $1 Nd7 (30... Re8 $142 31. Qxe7 Rxe7) 31. Nd3 $18 Qe8 32. Qd6 {[%emt 0:00:21] Black is weak on the dark squares} Nb8 33. Rc7 Kg7 (33... Qd8 $142 34. Qxd8 Rxd8) 34. Ne5 {[%emt 0:01:46] Threatens to win with Ng4.} Kg8 $2 (34... h5 35. Qb6 b4) 35. Ng4 {[%emt 0:01:08] Weighted Error Value: White=0.14 (very precise) /Black=0.58  Mistake:       	White=1     	Black=7      Inaccurate:     	White=1     	Black=2      OK:         	White=12    	Black=5      Best:        	White=2     	Black=1      Strong:       	White=1     	---} 1-0